 Dungeon Crawl Stone Soup version 0.27.1-34-g3ba077fa99 (webtiles) character file.

Game seed: 2710901588194813517

1168 raph the Frost Mage (level 8, -5/46 HPs)
             Began as a Merfolk Ice Elementalist on Jan 18, 2022.
             Was a Follower of Hepliaklqana.
             Shot with an arrow by a centaur (8 damage)
             ... on level 6 of the Dungeon.
             The game lasted 00:13:48 (8009 turns).

raph the Frost Mage (Merfolk Ice Elementalist)      Turns: 8009, Time: 00:13:49

Health: -5/46      AC:  7    Str: 15    XL:     8   Next: 40%
Magic:  13/13      EV: 12    Int: 16    God:    Hepliaklqana [*.....]
Gold:   44         SH:  5    Dex: 14    Spells: 2/14 levels left

rFire    + . .     SeeInvis .   s - +0 trident (freeze)
rCold    . . .     Faith    .   p - +0 buckler
rNeg     . . .     Spirit   .   o - +1 leather armour {rF+}
rPois    .         Reflect  .   (no helmet)
rElec    .         Harm     .   l - +1 cloak {Stlth+}
rCorr    .         Rampage  .   h - +0 pair of gloves
Will     .....                  (no boots)
Stlth    +++.......             (no amulet)
HPRegen  0.15/turn              d - +6 ring of strength
MPRegen  0.13/turn              t - ring of wizardry

@: no status effects
A: reduced essence, (nimble swimmer 2), mertail
a: Renounce Religion, Recall Ancestor, Ancestor Identity


You were on level 6 of the Dungeon.
You worshipped Hepliaklqana.
Hepliaklqana was aware of your devotion.
You visited 1 branch of the dungeon, and saw 6 of its levels.

You collected 231 gold pieces.
You spent 187 gold pieces at shops.

Inventory:

Hand Weapons
 b - a +1 short sword of freezing
 i - a +0 spear
 s - a +0 trident of freezing (weapon)
Missiles
 e - 18 poisoned darts
Armour
 a - a +0 robe
 h - a +0 pair of gloves (worn)
 l - a +1 cloak of stealth (worn)
 o - a +1 leather armour of fire resistance (worn)
 p - a +0 buckler (worn)
Jewellery
 d - a +6 ring of strength (left hand)
 t - a ring of wizardry (right hand)
Wands
 u - a wand of polymorph (10)
Scrolls
 k - 2 scrolls of magic mapping
 v - a scroll of identify
Potions
 c - a potion of lignification
 f - 3 potions of mutation
 g - a potion of flight {unknown}
 j - a potion of curing
 m - a potion of berserk rage {unknown}
 n - a potion of ambrosia {unknown}
 q - 2 potions of heal wounds {unknown}
 r - a potion of magic


   Skills:
 - Level 2.6 Dodging
 - Level 2.1 Stealth
 - Level 4.0 Shields
 + Level 3.8 Spellcasting
 + Level 9.8 Ice Magic


You had 2 spell levels left.
You knew the following spells:

 Your Spells              Type           Power      Damage    Failure   Level
a - Freeze                Ice            100%       1d11      1%          1
b - Frozen Ramparts       Ice            68%        1d8       1%          3
c - Ozocubu's Armour      Ice            34%        N/A       1%          3
d - Summon Small Mammal   Summ           12%        N/A       9%          1
e - Hailstorm             Conj/Ice       18%        3d6       12%         4

Your spell library contained the following spells:

 Spells                   Type           Power      Damage    Failure   Level
 Animate Skeleton         Necr           6%         N/A       9%          1
 Apportation              Tloc           6%         N/A       9%          1
 Corona                   Hex            3%         N/A       9%          1
 Ice Form                 Ice/Tmut       18%        N/A       12%         4
 Simulacrum               Ice/Necr       9%         N/A       83%         6


Dungeon Overview and Level Annotations

Branches:
Dungeon (6/15)
 Temple: D:4-7

Altars:
Cheibriados
Dithmenos
Fedhas
Hepliaklqana
Kikubaaqudgha

Shops:
D:1 !   D:5 *


Innate Abilities, Weirdness & Mutations

Your life essence is reduced to manifest your ancestor. (-10% HP)
((You are quick and stealthy near water. (Stealth+, EV+, Speed+++)))
Your lower body shifts to a powerful aquatic tail in water.


Message History

The wall freezes the howler monkey skeleton.
The howler monkey skeleton hits you but does no damage.
Cuetlachtli hits the howler monkey skeleton.
The centaur shoots an arrow.
The arrow hits you!
Your frozen ramparts will break if you move.
Continue?
You swap places.
The frozen ramparts melt away as you move.
The howler monkey skeleton hits Cuetlachtli but does no damage.
Cuetlachtli hits the howler monkey skeleton.
The centaur unwields a +0 shortbow.
The centaur hits Cuetlachtli.
The centaur kicks Cuetlachtli.
The howler monkey skeleton barely misses Cuetlachtli.
Cuetlachtli hits the howler monkey skeleton.
The howler monkey skeleton is destroyed!
The centaur wields a +0 shortbow.
The centaur shoots an arrow.
The arrow barely misses you.
The centaur shoots an arrow.
The arrow hits Cuetlachtli.
The centaur shoots an arrow.
The arrow closely misses you.
You swap places.
The centaur shoots an arrow.
The arrow barely misses you.
The centaur shoots an arrow.
The arrow completely misses you.
The centaur shoots an arrow.
The arrow hits you but does no damage.
The centaur shoots an arrow.
The arrow hits you.
The centaur shoots an arrow.
The arrow misses Cuetlachtli.
The arrow closely misses you.
The centaur shoots an arrow.
The arrow hits Cuetlachtli!
The centaur shoots an arrow.
The arrow hits Cuetlachtli.
The centaur shoots an arrow.
The arrow hits Cuetlachtli!
The centaur shoots an arrow.
The arrow hits Cuetlachtli!
Cuetlachtli is destroyed!
The centaur shoots an arrow.
The arrow hits you!
* * * LOW HITPOINT WARNING * * *
The centaur shoots an arrow.
The arrow hits you.
* * * LOW HITPOINT WARNING * * *
The centaur shoots an arrow.
The arrow hits you.
* * * LOW HITPOINT WARNING * * *
You see here a necrophage skeleton.
Okay, then.
There is a stone staircase leading up here.
The centaur shoots an arrow.
The arrow hits you!
You die...

.. #....##..#c## .
###...#.##..#
#..#.#.###.#
.####.##...# #.#
......##.[## #c#
#####.....####.########
#....#..###..รทรท......#
#...###...#..........#
#... ###......@.....#
#### ###..........#
#..........#
#..........#
#....(<....#
############


You could see a centaur.

Vanquished Creatures
  2 sky beasts (D:5)
  2 necrophages
  An ogre (D:4)
  2 scorpions (D:5)
  2 centaur zombies
  4 hounds
  An orc priest (D:5)
  Crazy Yiuf (D:2)
  2 jellies
  3 iguanas
  2 orc wizards
  2 hound skeletons
  5 adders
  An ufetubus (D:4)
  2 worms
  6 dart slugs
  8 orcs
  5 ball pythons
  4 bats
  6 endoplasms
  2 giant cockroaches
  7 goblins
  2 hobgoblins (D:4)
  9 jackals
  10 kobolds
  2 quokkas
  3 frilled lizards
  2 rats (D:3)
98 creatures vanquished.

Vanquished Creatures (collateral kills)
  A howler monkey skeleton (D:6)
  An adder (D:6)
2 creatures vanquished.

Vanquished Creatures (others)
  An ancestor (D:6)
  3 withered plants (D:4)
4 creatures vanquished.

Grand Total: 104 creatures vanquished

Notes
Turn   | Place    | Note
-------+----------+-------------------------------------------
     0 | D:1      | raph the Merfolk Ice Elementalist began the quest for the
                  | Orb.
     0 | D:1      | Reached XP level 1. HP: 13/13 MP: 3/3
   219 | D:1      | Found Ruipt's Distillery.
   238 | D:1      | Reached XP level 2. HP: 16/19 MP: 1/5
   363 | D:1      | Reached skill level 5 in Ice Magic
  1133 | D:2      | Reached XP level 3. HP: 24/24 MP: 2/6
  1333 | D:2      | Learned a level 3 spell: Frozen Ramparts
  1385 | D:2      | Found a faded altar of an unknown god.
  1509 | D:2      | Found a runed translucent door.
  1510 | D:2      | Noticed Crazy Yiuf
  1870 | D:3      | Reached skill level 6 in Ice Magic
  1931 | D:3      | Reached XP level 4. HP: 30/30 MP: 3/7
  2271 | D:3      | Found a snail-covered altar of Cheibriados.
  2401 | D:3      | Learned a level 3 spell: Ozocubu's Armour
  2850 | D:4      | Reached XP level 5. HP: 25/35 MP: 1/8
  2869 | D:4      | Reached skill level 7 in Ice Magic
  3497 | D:4      | Found a shadowy altar of Dithmenos.
  3553 | D:4      | Reached skill level 1 in Shields
  3670 | D:4      | Found a hazy altar of Hepliaklqana.
  3717 | D:4      | Became a worshipper of Hepliaklqana the Forgotten
  3820 | D:4      | Reached XP level 6. HP: 34/41 MP: 5/9
  4073 | D:4      | Found an ancient bone altar of Kikubaaqudgha.
  4077 | D:4      | Found a blossoming altar of Fedhas.
  4446 | D:2      | Killed Crazy Yiuf
  4794 | D:4      | Reached skill level 8 in Ice Magic
  5055 | D:1      | Bought a potion of magic for 112 gold pieces
  5116 | D:5      | Entered Level 5 of the Dungeon
  5116 | D:5      | Noticed a sky beast
  5116 | D:5      | Found Waix's Assorted Antiques.
  5175 | D:5      | Noticed a necrophage
  5175 | D:5      | Noticed a sky beast
  5196 | D:5      | Reached XP level 7. HP: 26/46 MP: 6/10
  5910 | D:5      | Learned a level 1 spell: Summon Small Mammal
  6501 | D:5      | Reached skill level 9 in Ice Magic
  6839 | D:5      | Bought a scroll labelled YGHESK ACIGAE for 25 gold pieces
  6917 | D:5      | Reached XP level 8. HP: 45/52 MP: 5/12
  7046 | D:5      | Bought a scroll of identify for 50 gold pieces
  7752 | D:6      | Reached * piety under Hepliaklqana
  7959 | D:6      | Learned a level 4 spell: Hailstorm
  8005 | D:6      | HP: 2/46 [centaur/arrow (4)]
  8009 | D:6      | Shot with an arrow by a centaur

Illustrated notes

Levels and vault maps discovered:
D:1:      dpeg_arrival_shelter, layout_loops_ring, serial_shops,
          nicolae_shop_temple_entry_statues_fountains
D:2:      layout_rooms, ebering_ecumenical_altar_webs, uniq_crazy_yiuf_cottage
D:3:      layout_basic, mainiacjoe_overflow_concentric_impassable
D:4:      layout_loops_cross, grunt_temple_overflow_growth_and_decay,
          grunt_dithmenos_smoke, nicolae_hepliaklqana_hazy_memory
D:5:      layout_loops_cross, serial_shops, nicolae_stop_n_shop_1
D:6:      layout_rooms, general_overflow_altar, lemuel_temple_firewalk_b,
          due_unseen_surprise, uniq_blork_the_orc, uniq_prince_ribbit1,
          uniq_menkaure

Skill      XL: |  1  2  3  4  5  6  7  8 |
---------------+-------------------------+-----
Ice Magic      | 5 6 7 8 9 |  9.8
Shields        | 1 3 4 |  4.0
Spellcasting   | 3 |  3.8
Dodging        | |  2.6
Stealth        | |  2.1

Action                   |  1- 3 |  4- 6 |  7- 9 || total
-------------------------+-------+-------+-------++-------
Melee: Short sword       |    25 |       |       ||    25
       Spear             |     2 |    88 |    28 ||   118
       Trident           |       |       |    26 ||    26
Throw: Dart              |       |       |     2 ||     2
 Cast: Freeze            |    34 |    12 |       ||    46
       Frozen Ramparts   |     2 |    16 |    18 ||    36
       Ozocubu's Armour  |       |     4 |     4 ||     8
  Use: Scroll            |     5 |     1 |     5 ||    11
 Stab: Distracted        |     1 |     1 |       ||     2
       Sleeping          |       |     1 |       ||     1
Armor: Robe              |    11 |    37 |    11 ||    59
       Leather armour    |       |       |    15 ||    15
Dodge: Dodged            |    37 |    79 |    46 ||   162
Block: Buckler           |       |     6 |     9 ||    15
